AoeStats
← Zemheri

Nomad

507713852Analyzed
4v4 RM · 14d ago on Sep 19, 2026· 59m 59s· 8 players
Game mode
Random Map
Map size
231×231
Population
200
Speed
Normal
Resources
Standard
Victory
Conquest
Starting age
Dark Age
Ending age
Imperial Age
RankedLock teamsTeams togetherTeam positionsShared explorationLock speedFull tech treeHidden civsTurbo modeCheats
Victory
Defeat
🇹🇼 Koreans · Taiwan
1269
+14
🇨🇳 Huns · China
1218
+16
🇹🇼 Malians · Taiwan
1209
+17
1172
+18
🇹🇷 Italians · Türkiye
1358
-21
🇦🇺 Poles · Australia
1209
-16
🇨🇳 Khmer · China
1195
-15
🇹🇷 Maya · Türkiye
1150
-13
poppypon
5:23 Loom
15:10 Feudal Age
16:42 Double-Bit Axe
17:01 Stone Mining
20:04 Castle Age
17:58 Gold Mining
19:16 Fishing Lines
21:40 Bow Saw
24:15 Fletching
29:01 Squires
29:15 Forging
30:56 Scale Mail Armor
33:16 Horse Collar
34:41 Wheelbarrow
34:30 Bodkin Arrow
35:58 Ballistics
38:37 Imperial Age
37:22 Chain Mail Armor
37:42 Iron Casting
37:19 Treadmill Crane
37:45 Tigui
39:38 Elite Gbeto
40:43 Conscription
41:37 Iron Casting
43:49 Plate Mail Armor
48:14 Hoardings
47:39 Murder Holes
48:49 Hand Cart
49:51 Scale Barding Armor
49:55 Capped Ram
51:41 Chemistry
50:50 Heavy Plow
51:30 Stone Shaft Mining
51:34 Gold Shaft Mining
52:13 Masonry
53:17 Hand Cart
55:57 Capped Ram
56:27 Onager
Hizuki
4:40 Loom
13:36 Feudal Age
18:25 Castle Age
16:50 Stone Mining
17:17 Town Watch
17:53 Double-Bit Axe
18:32 Horse Collar
19:07 Fletching
20:17 Bodkin Arrow
22:59 Wheelbarrow
24:40 Bow Saw
27:22 Hand Cart
29:30 Masonry
35:07 Imperial Age
33:06 Medium Warships
33:45 Treadmill Crane
34:26 Ballistics
35:06 Murder Holes
35:58 Bracer
37:11 Chemistry
37:21 Arrowslits
39:53 Architecture
42:21 Eupseong
42:43 Conscription
45:11 Elite War Wagon
48:36 Gold Mining
49:22 Stone Shaft Mining
52:57 Two-Man Saw
52:37 Gold Shaft Mining
55:04 Coinage
你媽叫你去吃飯
4:53 Loom
14:56 Feudal Age
15:29 Double-Bit Axe
17:26 Fletching
20:46 Castle Age
20:27 Stone Mining
24:20 Scale Mail Armor
25:27 Horse Collar
28:15 Wheelbarrow
28:19 Squires
30:38 Forging
31:58 Bow Saw
37:29 Hand Cart
37:25 Pikeman
38:03 Man-at-Arms
39:46 Long Swordsman
41:19 Chain Mail Armor
41:39 Iron Casting
60:12 Heavy Plow
迷人
4:28 Loom
14:56 Feudal Age
20:23 Castle Age
18:11 Double-Bit Axe
19:23 Fletching
20:53 Stone Mining
23:09 Wheelbarrow
22:48 Bow Saw
35:23 Gold Mining
37:12 Forging
37:46 Town Watch
39:27 Horse Collar
40:13 Scale Barding Armor
44:14 Imperial Age
42:47 Marauders
43:26 Gold Shaft Mining
44:01 Iron Casting
43:46 Chain Barding Armor
43:42 Heavy Plow
45:31 Conscription
44:46 Elite Tarkan
46:29 Hand Cart
46:48 Bloodlines
46:39 Husbandry
46:47 Pikeman
47:28 Squires
49:24 Blast Furnace
49:12 Plate Barding Armor
48:38 Halberdier
50:56 Two-Man Saw
54:55 Bodkin Arrow
55:02 Murder Holes
56:08 Chemistry
55:28 Ballistics
55:15 Light Cavalry
Zemheri
7:58 Loom
15:22 Feudal Age
16:53 Gold Mining
19:35 Castle Age
17:39 Horse Collar
17:55 Double-Bit Axe
20:05 Scale Mail Armor
20:15 Eagle Warrior
20:59 Squires
23:26 Fletching
28:52 Chain Mail Armor
38:07 Arson
39:50 Wheelbarrow
42:45 Bow Saw
43:50 Hand Cart
49:40 Imperial Age
49:20 Forging
51:02 Holcans
50:56 Conscription
51:24 Elite Eagle Warrior
53:54 Plate Mail Armor
56:54 Iron Casting
58:56 Blast Furnace
Geral†
6:19 Loom
14:04 Feudal Age
18:14 Fletching
18:12 Double-Bit Axe
18:28 Horse Collar
19:59 Gold Mining
22:51 Castle Age
22:42 Padded Archer Armor
40:09 Wheelbarrow
51:49 Bodkin Arrow
54:14 Leather Archer Armor
61:20 Imperial Age
打帝国享背时人
14:03 Feudal Age
16:13 Double-Bit Axe
20:58 Castle Age
19:46 Bloodlines
19:44 Scale Barding Armor
24:42 Bow Saw
25:17 Chain Barding Armor
32:42 Forging
34:47 Wheelbarrow
38:19 Imperial Age
38:32 Gold Mining
38:58 Crossbowman
40:29 Conscription
39:40 Arbalester
41:36 Fletching
44:17 Bodkin Arrow
45:08 Bracer
45:09 Padded Archer Armor
45:42 Ballistics
46:22 Chemistry
46:57 Leather Archer Armor
52:30 Hand Cart
Bread
11:11 Loom
13:44 Feudal Age
14:12 Double-Bit Axe
15:04 Horse Collar
16:11 Wheelbarrow
16:28 Fishing Lines
18:39 Forging
20:45 Bloodlines
20:45 Scale Barding Armor
21:01 Town Watch
24:11 Castle Age
25:18 Hand Cart
25:16 Husbandry
25:32 Heavy Plow
27:15 Iron Casting
28:13 Light Cavalry
33:04 Chain Barding Armor
36:37 Imperial Age
35:26 Szlachta Privileges
35:45 Fletching
36:23 Ballistics
36:42 Cavalier
38:01 Crop Rotation
37:44 Bow Saw
38:20 Town Patrol
39:23 Blast Furnace
38:52 Conscription
40:03 Hoardings
39:42 Siege Engineers
44:04 Hoardings
45:14 Bodkin Arrow
46:24 Chemistry
45:20 Murder Holes
47:22 Bracer
47:37 Masonry
55:31 Winged Hussar
Connection lost

Rejoining the realm…

Still unreachable

The connection could not be restored.

Session expired

The server has moved on; the page needs a fresh start.